 Dungeon Crawl Stone Soup version 0.31-a0-845-g9abc20d24f (webtiles) character file.

Game seed: 15408661764144294637

387 wvc the Firebug (level 6, -11/32 HPs)
             Began as a Gargoyle Fire Elementalist on Oct 2, 2023.
             Mangled by an ogre
             ... wielding a +0 giant spiked club
              (13 damage)
             ... on level 4 of the Dungeon.
             The game lasted 00:13:38 (4360 turns).

wvc the Firebug (Gargoyle Fire Elementalist)        Turns: 4360, Time: 00:13:38

Health: -11/32     AC:  8    Str: 14    XL:     6   Next: 78%
Magic:  11/11      EV: 11    Int: 18    God:
Gold:   45         SH:  0    Dex: 10    Spells: 7/12 levels left

rFire   . . .        d - +0 rapier
rCold   . . .        (no shield)
rNeg    + . .        a - +0 robe
rPois   ∞            (no helmet)
rElec   +            (no cloak)
rCorr   .            v - +1 pair of gloves {Str+3}
SInv    .            (no boots)
Will    .....        (no amulet)
Stlth   ++           (no ring)
HPRegen 0.25/turn    (no ring)
MPRegen 0.12/turn

%: no passive effects
@: no status effects
A: sickness immunity, AC +4, negative energy resistance 1, electricity
resistance, torment resistance 1, petrification resistance
a: no special abilities


You were on level 4 of the Dungeon.
You visited 1 branch of the dungeon, and saw 5 of its levels.

You collected 204 gold pieces.
You spent 159 gold pieces at shops.

Inventory:

Hand Weapons
 d - a +0 rapier (weapon)
 k - a +5 flail of holy wrath
Missiles
 p - 4 curare-tipped darts
Armour
 a - a +0 robe (worn)
 s - an orb of guile
 v - a +1 pair of gloves of strength (worn)
Scrolls
 c - a scroll of fog
 h - 3 scrolls of vulnerability
 i - 2 scrolls of teleportation
 j - 2 scrolls of fear {unknown}
 m - a scroll of butterflies
Potions
 b - a potion of magic
 e - 2 potions of attraction
 f - 3 potions of enlightenment
 g - a potion of might
 l - 2 potions of curing
 o - 2 potions of mutation {unknown}
 q - 3 potions of heal wounds
 t - a potion of degeneration {unknown}


   Skills:
 - Level 1.5 Dodging
 - Level 2.1 Stealth
 + Level 3.7 Spellcasting
 * Level 4.4 Conjurations
 - Level 5.0 Fire Magic


You had 7 spell levels left.
You knew the following spells:

 Your Spells              Type           Power      Damage    Failure   Level
a - Foxfire               Conj/Fire      80%        2x1d8     2%          1
b - Mephitic Cloud        Conj/Pois/Air  8%         N/A       24%         3
c - Magic Dart            Conj           76%        1d6       2%          1

Your spell library contained the following spells:

 Spells                   Type           Power      Damage    Failure   Level
 Scorch                   Fire           42%        2d6       3%          2
 Inner Flame              Hex/Fire       12%        N/A       16%         3
 Volatile Blastmotes      Fire/Tloc      24%        2d12      16%         3
 Call Imp                 Summ           6%         N/A       22%         2
 Ignite Poison            Fire/Tmut/Pois 9%         N/A       22%         3
 Flame Wave               Conj/Fire      20%        2d7       22%         4
 Freezing Cloud           Conj/Ice/Air   4%         6-21      92%         5
 Cigotuvi's Dreadful Rot  Necr/Pois/Air  Unusable   N/A       N/A         2

Dungeon Overview and Level Annotations

Branches:
Dungeon (5/15)
 Temple: D:4-7

Altars:
Fedhas
Kikubaaqudgha

Shops:
D:1 *


Innate Abilities, Weirdness & Mutations

You are immune to sickness and miasma.
Your stone body is resilient. (AC +4)
You are immune to poison.
You resist negative energy. (rN+)
You are resistant to electric shocks. (rElec)
You are resistant to unholy torment.
You are immune to petrification.


Message History

You conjure some foxfire!
The foxfire hits Edmund.
Edmund is almost dead.
The foxfire hits Edmund.
You kill Edmund!
Training target 5.0 for Fire Magic reached!
Your Conjurations skill increases to level 4!
Your Fire Magic skill increases to level 5!
Things that are here:
a +5 flail of holy wrath; a +0 leather armour
k - a +5 flail of holy wrath
Press: ? - help, . - travel You can't see that place. [the floor.]
Press: ? - help, . - travel You can't see that place. [the floor.] Reduced exclusion size to a single square.
Removed exclusion.
You now have 45 gold pieces (gained 6).
Done exploring.
There is an escape hatch in the floor here.
There is a stone staircase leading down here.
Casting: Foxfire (safe; 2% risk of failure)
Confirm with . or Enter, or press ? or * to list all spells.
Okay, then.
You climb downwards.
Found 8 gold pieces.
There is a stone staircase leading up here.
The helpless ogre fails to defend itself.
You puncture the ogre!
The ogre is moderately wounded.
The ogre hits you with a +0 giant spiked club!!
Ouch! That really hurt!
* * * LOW HITPOINT WARNING * * *
You climb upwards.
There is a stone staircase leading down here.
The ogre attacks as it pursues you!
The ogre hits you with a +0 giant spiked club!
You die...

...#..#......#
#####.#
.............# #.#
.#......#..### #.#
...........# #.#
...........# #.#
.#......#..#### #.#
..............#
#.########
...#..#.......####
#.#.......
#...............@##
#.#.#####.
........[...)...O>#
#.#.#...#.
#.#........)#.....#
#.#.#.#.#.
#.#.#######)#####.#
#.#.#.#.#.
#.#.#.....#.# #.#
#.#.#.#b#.
#.#.#.###.#)# #.#
#.#.#.#b#.
..#.#..<#.#)# #.#
#.#.#.#b#.
..#.#)#.#.#.#####'###
#.#.#.#<#.
....#...#.#.##......#
#.#.#.###.


You could see an ogre.

Vanquished Creatures
  Edmund (D:4)
  An orc priest (D:4)
  2 iguanas (D:4)
  3 gnolls
  7 adders
  An ufetubus (D:4)
  3 dart slugs
  9 orcs
  8 ball pythons
  7 endoplasms
  3 giant cockroaches
  9 goblins
  10 hobgoblins
  5 kobolds
  2 quokkas
  10 bats
  4 frilled lizards
  4 rats
89 creatures vanquished.

Vanquished Creatures (others)
  128 foxfires
128 creatures vanquished.

Grand Total: 217 creatures vanquished

Notes
Turn   | Place    | Note
-------+----------+-------------------------------------------
     0 | D:1      | wvc the Gargoyle Fire Elementalist began the quest for the
                  | Orb.
     0 | D:1      | Reached XP level 1. HP: 10/10 MP: 3/3
   233 | D:1      | Reached XP level 2. HP: 15/15 MP: 5/5
   653 | D:1      | Reached XP level 3. HP: 11/19 MP: 6/6
   720 | D:1      | Found Zurueskuime's General Store.
   739 | D:1      | Bought a scroll of teleportation for 33 gold pieces
   865 | D:2      | You fall into a shaft and drop 1 floor!
  1355 | D:2      | Reached skill level 4 in Fire Magic
  1483 | D:2      | Reached XP level 4. HP: 22/24 MP: 3/7
  2193 | D:3      | Found an ancient bone altar of Kikubaaqudgha.
  2784 | D:1      | Bought a +0 pair of gloves of strength for 126 gold pieces
  2891 | D:4      | Reached XP level 5. HP: 28/28 MP: 9/9
  2894 | D:4      | Noticed Edmund
  3066 | D:4      | Learned a level 3 spell: Mephitic Cloud
  3068 | D:4      | Learned a level 1 spell: Magic Dart
  3069 | D:4      | Found a blossoming altar of Fedhas.
  3500 | D:4      | Reached XP level 6. HP: 13/32 MP: 3/11
  4279 | D:4      | Killed Edmund
  4280 | D:4      | Reached skill level 5 in Fire Magic
  4356 | D:5      | Entered Level 5 of the Dungeon
  4360 | D:4      | Mangled by an ogre

Illustrated notes

Levels and vault maps discovered:
D:1:      dpeg_arrival_long_road, layout_loops_ring, serial_shops,
          nicolae_lakefront_shop
D:2:      layout_loops_corners, chequers_serial_rivers_room_a
D:3:      layout_loops_cross, lemuel_crystal_altar
D:4:      layout_basic, fedhas_altar_3, st_stairs_2, minmay_misc_feat_encased,
          mrwooster_statue_mirror, minmay_misc_feat_plants, uniq_edmund
D:5:      layout_cave_pools, marbit_many_paths

Skill      XL: |  1  2  3  4  5  6 |
---------------+-------------------+-----
Conjurations   | 2 3 4 |  4.4
Fire Magic     | 4 5 |  5.0
Spellcasting   | 3 |  3.7
Dodging        | |  1.5
Stealth        | |  2.1

Action                     |  1- 3 |  4- 6 || total
---------------------------+-------+-------++-------
  Melee: Rapier            |    94 |   118 ||   212
         Punch             |     1 |       ||     1
   Cast: Foxfire           |    20 |    54 ||    74
         Magic Dart        |       |    18 ||    18
    Use: Scroll            |     2 |    11 ||    13
   Stab: Sleeping          |     2 |     5 ||     7
 Armour: Robe              |    55 |    86 ||   141
  Dodge: Dodged            |    69 |    82 ||   151

Table legend: (Time is in decaauts)
 A = Elapsed time spent in this place.
 B = Non-inter-level travel time spent in this place.
 C = Inter-level travel time spent in this place.
 D = Time resting spent in this place.
 E = Time spent auto-exploring this place.
 F = Levels seen in this place.
 G = Mean time per level.
                   A        B        C        D        E       F      G
               +--------+--------+--------+--------+--------+-----+--------+
         Total |   4408 |   4104 |    304 |    370 |   2776 |   5 |  881.6 |
       Dungeon |   4408 |   4104 |    304 |    370 |   2776 |   5 |  881.6 |
               +--------+--------+--------+--------+--------+-----+--------+

Top non-repeatable levels by time:
     D:4: 1350 daAuts
     D:2: 1209 daAuts
     D:1: 924 daAuts
     D:3: 921 daAuts
     D:5: 3 daAuts
